 Dungeon Crawl Stone Soup version 0.20.1-1-g8b1a95d (console) character file.

15282 Morg0th the Bludgeoner (level 11, -15/111 HPs)
             Began as a Minotaur Fighter on July 8, 2017.
             Was a High Priest of Okawaru.
             Demolished by Snorg (19 damage)
             ... on level 2 of the Orcish Mines on July 9, 2017.
             The game lasted 01:27:34 (12573 turns).

Morg0th the Bludgeoner (Minotaur Fighter)          Turns: 12573, Time: 01:27:35

Health: -15/111    AC: 16    Str: 22    XL:     11   Next: 99%
Magic:  10/11      EV:  5    Int:  5    God:    Okawaru [*****.]
Gold:   607        SH: 10    Dex: 19    Spells: 10/10 levels left

rFire    + . .     SeeInvis .   J - +1 flail (crush)
rCold    + . .     Gourm    .   c - +0 shield
rNeg     . . .     Faith    .   s - +2 chain mail {rC+}
rPois    .         Spirit   .   e - +1 hat
rElec    .         Reflect  .   G - +2 cloak
rCorr    .         Harm     .   B - +0 pair of gloves
MR       .....                  (no boots)
Stlth    ..........             A - amulet of regeneration
Regen    0.0/turn               m - +5 ring of dexterity
MPRegen  0.2/turn               l - ring of protection from fire

@: drained
A: retaliatory headbutt, horns 2, agile 1, inhibited regeneration
a: Heroism, Finesse, Renounce Religion


You were on level 2 of the Orcish Mines.
You worshipped Okawaru.
Okawaru was extremely pleased with you.
You were not hungry.

You visited 4 branches of the dungeon, and saw 16 of its levels.

You collected 989 gold pieces.
You spent 382 gold pieces at shops.

Inventory:

Hand Weapons
 a - a +1 flail
 J - a +1 flail of crushing (weapon)
Armour
 c - a +0 shield (worn)
 e - a +1 hat (worn)
 p - a +0 chain mail of positive energy
 s - a +2 chain mail of cold resistance (worn)
 B - a +0 pair of gloves (worn)
 G - a +2 cloak (worn)
Jewellery
 l - a ring of protection from fire (right hand)
 m - a +5 ring of dexterity (left hand)
 y - a +3 ring of strength
 A - an amulet of regeneration (around neck)
 H - an uncursed amulet of the gourmand
Wands
 b - a wand of flame (0/48)
 j - a wand of disintegration (5/24)
 v - a wand of digging (13/24)
 C - a wand of iceblast (0/15)
 I - a wand of polymorph (9/24)
Scrolls
 h - 11 scrolls of identify
 k - a scroll of recharging
 n - 3 scrolls of remove curse
 o - 8 scrolls of magic mapping
 r - 5 scrolls of teleportation
 t - a scroll of fear
 u - a scroll of amnesia
 x - a scroll of blinking
 E - 2 scrolls of enchant weapon
 F - a scroll of enchant armour {unknown}
Potions
 d - 3 potions of might
 w - 4 potions of haste
 D - 3 potions of curing
Comestibles
 f - 13 bread rations
 g - 7 meat rations
 i - 3 royal jellies
 q - 5 fruits


   Skills:
 + Level 14.4(13.8) Fighting
 + Level 16.9(16.2) Maces & Flails
 - Level 3.6(3.1) Armour
 - Level 3.6(3.1) Shields
 - Level 0.4(0.0) Invocations
 - Level 1.4(0.9) Evocations


You had 10 spell levels left.
You didn't know any spells.

Dungeon Overview and Level Annotations

Branches:
Dungeon (12/15)            Temple (1/1) D:4            Lair (1/6) D:11
    Orc (2/2) D:11
    Elf: Orc:2

Altars:
Ashenzari
Cheibriados
Dithmenos
Elyvilon
Fedhas
Gozag
Hepliaklqana
Kikubaaqudgha
Makhleb
Nemelex Xobeh
Okawaru
Qazlal
Ru
Sif Muna
Trog
Uskayaw
Vehumet
Xom
Yredelemnul
Zin
The Shining One
Beogh

Shops:
D:4 [!*(:   D:10 [   Orc:1 *

Annotations:
D:2 Robin
D:5 Blork the orc
D:6 2 transporters
Orc:1 Nergalle
Orc:2 Snorg


Innate Abilities, Weirdness & Mutations

You reflexively headbutt those who attack you in melee.
You have a pair of horns on your head.
You are agile. (Dex +2)
You do not regenerate when monsters are visible.


Message History

* * * LOW HITPOINT WARNING * * *
You sock Snorg! You headbutt Snorg!
Snorg is almost dead.
You block Snorg's attack. Snorg claws you.
* * * LOW HITPOINT WARNING * * *
Snorg claws you.
* * * LOW HITPOINT WARNING * * *
You block Snorg's attack. Snorg claws you.
* * * LOW HITPOINT WARNING * * *
Snorg claws you.
* * * LOW HITPOINT WARNING * * *
Okay, then.
You hit Snorg.
Snorg is almost dead.
You feel like a meek peon again. You block Snorg's attack.
Snorg claws you but does no damage. Snorg claws you.
* * * LOW HITPOINT WARNING * * *
As you read the scroll of fear, it crumbles to dust.
You assume a fearsome visage.
Snorg bites you!!
You die...

......... ..........
#......... ......#...
##......... ..........#
#.......... #<.........
##..#......... #.............
##.......#.....
#.......#......
##....#.##.....
#..(...........
#..............
#......(...##...... ..#
#.....................###
##....((.####......#....##
#........#_.#............#..
#......[.#..#...............
##.....T.#..#................
##....@.#[[#.............#.#
##....[..#[##.#............#
#..................#.......#
##....)[......#............#.
#.....%<.....................
##...........................
###.#.#.#.##..####.##....#.#
############# ### #####


You could see Snorg (berserk).

Vanquished Creatures
  2 two-headed ogres
  Urug (D:11)
  The ghost of PeterMcNeter the Quickloader, a novice DDHu of Makhleb (D:8)
  Pikel (D:7)
  A centaur zombie (D:12)
  A komodo dragon (D:11)
  2 rime drakes (D:11)
  2 trolls
  A hornet (D:7)
  3 hippogriffs
  A shadow (D:11)
  14 yaks
  Grum (D:10)
  Menkaure (D:6)
  2 wargs
  Duvessa (D:6)
  A water moccasin (D:10)
  8 orc warriors
  2 sky beasts
  4 slaves (D:6)
  A necrophage (D:9)
  An eye of draining (D:10)
  3 ice beasts
  2 black bears (D:10)
  9 ogres
  A phantom (D:8)
  11 centaurs
  2 wolves (D:10)
  A crocodile (D:10)
  3 big kobolds
  3 bullfrogs
  Dowan (D:6)
  4 scorpions
  A water moccasin skeleton (D:6)
  8 killer bees
  An electric eel (D:11)
  6 wights
  6 howler monkeys
  3 quasits
  5 crimson imps
  2 bullfrog zombies
  5 hounds
  12 orc priests
  5 jellies
  3 bullfrog skeletons
  2 centaur skeletons
  4 iguanas
  13 orc wizards
  6 worker ants
  2 worker ant zombies
  10 adders
  4 shadow imps
  An adder zombie (D:5)
  An adder skeleton (D:7)
  5 worms
  3 leopard geckos
  51 orcs
  2 ball pythons
  8 bats
  3 giant cockroaches
  11 goblins
  6 hobgoblins
  6 jackals
  7 quokkas
  8 frilled lizards
  A jackal zombie (D:7)
  20 kobolds
  A leopard gecko skeleton (D:5)
  A quokka skeleton (D:6)
  3 rats (D:3)
328 creatures vanquished.

Vanquished Creatures (others)
  A wizard (D:9)
1 creature vanquished.

Grand Total: 329 creatures vanquished

Notes
Turn   | Place    | Note
-------+----------+-------------------------------------------
     0 | D:1      | Morg0th the Minotaur Fighter began the quest for the Orb.
     0 | D:1      | Reached XP level 1. HP: 19/19 MP: 0/0
   284 | D:1      | Reached skill level 4 in Fighting
   516 | D:1      | Reached XP level 2. HP: 27/27 MP: 1/1
   816 | D:1      | Reached skill level 3 in Maces & Flails
  1152 | D:2      | Reached XP level 3. HP: 34/34 MP: 2/2
  1156 | D:2      | Noticed Robin
  1222 | D:2      | Found a shattered altar of Ashenzari.
  1235 | D:2      | Reached skill level 5 in Fighting
  1235 | D:2      | HP: 3/36 [hobgoblin/club[Robin] (7)]
  1532 | D:3      | Reached XP level 4. HP: 41/42 MP: 3/3
  1536 | D:3      | Reached skill level 4 in Maces & Flails
  1760 | D:4      | Found Divoxol's Antique Weapon Shoppe.
  2274 | D:4      | Found Seorph's Antique Armour Shoppe.
  2305 | D:4      | Reached skill level 5 in Maces & Flails
  2305 | D:4      | Reached XP level 5. HP: 39/48 MP: 4/4
  2343 | D:5      | Entered Level 5 of the Dungeon
  2526 | D:4      | Found Riagair's Book Shoppe.
  2708 | D:4      | Found a staircase to the Ecumenical Temple.
  2737 | Temple   | Entered the Ecumenical Temple
  2870 | Temple   | Became a worshipper of Warmaster Okawaru
  2930 | D:4      | Found Eptaxaav's General Store.
  2955 | D:4      | Found Gasoaf's Distillery.
  3190 | D:5      | Reached skill level 6 in Maces & Flails
  3221 | D:5      | Reached XP level 6. HP: 36/57 MP: 5/5
  3237 | D:5      | Found a sparkling altar of Nemelex Xobeh.
  3338 | D:5      | Noticed Blork the orc
  3410 | D:6      | Noticed an orc warrior
  3757 | D:5      | Reached skill level 6 in Fighting
  3757 | D:5      | Reached skill level 7 in Maces & Flails
  3950 | D:6      | Killed an orc warrior
  3950 | D:6      | Reached * piety under Okawaru
  3950 | D:6      | Reached XP level 7. HP: 31/63 MP: 6/6
  4179 | D:6      | Reached skill level 8 in Maces & Flails
  4828 | D:5      | Reached skill level 9 in Maces & Flails
  4924 | D:5      | Found a deep blue altar of Sif Muna.
  4981 | D:6      | Found a transporter.
  4981 | D:6      | Noticed Menkaure
  4988 | D:6      | Killed Menkaure
  4988 | D:6      | Reached ** piety under Okawaru
  4989 | D:6      | Noticed a kobold demonologist
  4990 | D:6      | Noticed a kobold demonologist
  5067 | D:6      | Reached XP level 8. HP: 65/71 MP: 7/7
  5085 | D:6      | Reached skill level 7 in Fighting
  5241 | D:6      | Reached skill level 10 in Maces & Flails
  5252 | D:6      | Found a transporter.
  5293 | D:6      | Found an opulent altar of Gozag.
  5411 | D:6      | Noticed Duvessa
  5411 | D:6      | Noticed Dowan
  5535 | D:7      | Noticed a troll
  5597 | D:6      | Killed Duvessa
  5597 | D:6      | Reached skill level 1 in Evocations
  5617 | D:6      | Killed Dowan
  5697 | D:6      | Reached skill level 11 in Maces & Flails
  5722 | D:7      | Killed a troll
  5722 | D:7      | Reached skill level 8 in Fighting
  5723 | D:7      | Reached *** piety under Okawaru
  6040 | D:7      | Found a sacrificial altar of Ru.
  6193 | D:7      | Noticed Pikel
  6197 | D:7      | Reached XP level 9. HP: 81/81 MP: 9/9
  6224 | D:7      | Killed Pikel
  6224 | D:7      | Reached skill level 12 in Maces & Flails
  6256 | D:7      | HP: 7/82 [hornet (9)]
  6262 | D:7      | HP: 8/82 [poisoned by a hornet]
  6594 | D:7      | Received a gift from Okawaru
  6691 | D:8      | Noticed PeterMcNeter's ghost (novice DDHu)
  6707 | D:8      | Reached skill level 9 in Fighting
  6757 | D:7      | Gained mutation: You do not regenerate when monsters are visible. [potion of mutation]
  6757 | D:7      | Gained mutation: You are resistant to hostile enchantments. (MR+) [potion of mutation]
  6757 | D:7      | Lost mutation: You are resistant to hostile enchantments. (MR+) [potion of mutation]
  6757 | D:7      | Gained mutation: You are agile. (Dex +2) [potion of mutation]
  6882 | D:8      | Reached skill level 13 in Maces & Flails
  6967 | D:8      | Noticed a two-headed ogre
  6978 | D:8      | Killed a two-headed ogre
  6978 | D:8      | Reached **** piety under Okawaru
  7341 | D:8      | Reached XP level 10. HP: 85/93 MP: 10/10
  7768 | D:8      | Reached skill level 14 in Maces & Flails
  7837 | D:8      | Reached skill level 10 in Fighting
  7987 | D:8      | Killed PeterMcNeter's ghost
  8129 | D:10     | Entered Level 10 of the Dungeon
  8158 | D:10     | Reached ***** piety under Okawaru
  8350 | D:10     | Reached skill level 15 in Maces & Flails
  8549 | D:9      | Reached skill level 11 in Fighting
  8764 | D:9      | Found a bloodstained altar of Trog.
  8765 | D:9      | Noticed a wizard
  8770 | D:9      | Killed a wizard
  8923 | D:9      | Found a shimmering altar of Xom.
  9297 | D:10     | Noticed Grum
  9309 | D:10     | Killed Grum
  9529 | D:10     | Received a gift from Okawaru
  9558 | D:10     | Reached XP level 11. HP: 99/104 MP: 11/11
  9680 | D:10     | Reached skill level 12 in Fighting
  9694 | D:10     | Found Xiliteth's Antique Armour Emporium.
  9710 | D:10     | Bought an embroidered cloak for 187 gold pieces
  9982 | D:10     | Noticed a two-headed ogre
  9992 | D:10     | Killed a two-headed ogre
  9992 | D:10     | Reached skill level 16 in Maces & Flails
 10598 | D:11     | Reached skill level 13 in Fighting
 10789 | D:11     | Noticed Urug
 10814 | D:11     | Killed Urug
 11041 | D:11     | Found a staircase to the Lair.
 11052 | Lair:1   | Entered Level 1 of the Lair of Beasts
 11168 | D:11     | Found a staircase to the Orcish Mines.
 11205 | Orc:1    | Entered Level 1 of the Orcish Mines
 11205 | Orc:1    | Found Lioch's Assorted Antiques.
 11215 | Orc:1    | Bought a scroll labeled QIKAQI XOZE for 26 gold pieces
 11215 | Orc:1    | Bought a glowing flail for 169 gold pieces
 11308 | D:10     | Reached skill level 14 in Fighting
 11666 | D:11     | Found an opulent altar of Gozag.
 12225 | Orc:2    | Entered Level 2 of the Orcish Mines
 12265 | Orc:2    | Found a roughly hewn altar of Beogh.
 12519 | Orc:1    | Noticed Nergalle
 12520 | Orc:1    | Noticed an orc sorcerer
 12541 | Orc:2    | Noticed Snorg
 12568 | Orc:2    | HP: 7/111 [Snorg (13)]
 12573 | Orc:2    | Demolished by Snorg

Skill      XL: |  1  2  3  4  5  6  7  8  9 10 11 |
---------------+----------------------------------+-----
Fighting       | 4 5 6 8 9 11 14 | 14.4
Maces & Flails | 3 5 6 7 9 11 13 15 16 | 16.9
Evocations     | 1 |  1.4
Armour         | |  3.6
Shields        | |  3.6
Invocations    | |  0.4

Action                   |  1- 3 |  4- 6 |  7- 9 | 10-12 || total
-------------------------+-------+-------+-------+-------++-------
Melee: Flail             |    83 |   153 |   320 |   577 ||  1133
       Headbutt          |     8 |    34 |    67 |   171 ||   280
Invok: Heroism           |       |       |     2 |     1 ||     3
Evoke: Wand              |       |       |    12 |     7 ||    19
  Use: Potion            |     2 |     3 |     5 |     5 ||    15
       Scroll            |       |     7 |     5 |     2 ||    14
 Stab: Distracted        |       |       |       |     1 ||     1
  Eat: Chunk             |     2 |     8 |     1 |    17 ||    28
       Meat ration       |       |       |     2 |       ||     2
Armor: Scale mail        |    46 |    19 |       |       ||    65
       Chain mail        |       |    37 |   133 |   216 ||   386
Dodge: Dodged            |    41 |    36 |    61 |    86 ||   224
Block: Shield            |    55 |    60 |   151 |   239 ||   505
